 Dungeon Crawl Stone Soup version 0.31-a0-835-g2a3a5bc (webtiles) character file.

Game seed: 10810668527933712346

4338 ShioPomu the Severer (level 10, -3/81 HPs)
             Began as a Minotaur Fighter on Sept 25, 2023.
             Was a Believer of Ru.
             Slain by a bullfrog (4 damage)
             ... on level 8 of the Dungeon.
             The game lasted 00:28:12 (7661 turns).

ShioPomu the Severer (Minotaur Fighter)             Turns: 7661, Time: 00:28:14

Health: -3/81      AC: 14    Str: 32    XL:     10   Next: 12%
Magic:  9/9        EV:  2    Int:  5    God:    Ru [**....]
Gold:   252        SH:  9    Dex:  9    Spells: 9/9 levels left

rFire   . . .        I - +5 war axe
rCold   . . .        E - +0 kite shield
rNeg    . . .        H - +0 plate armour
rPois   .            (helmet restricted)
rElec   .            (no cloak)
rCorr   .            p - +0 pair of gloves
SInv    .            (no boots)
Will    .....        (no amulet) Stlth
                     a - ring of flight
HPRegen 0.33/turn    z - +6 ring of strength
MPRegen 0.11/turn

%: no passive effects
@: lethally poisoned (-3 -> -5), flying, slowed, very slow
A: horns 2, inability to train dodging, reduced EV 1, retaliatory headbutt
a: Renounce Religion


You were on level 8 of the Dungeon.
You worshipped Ru.
Ru was pleased with you.
You visited 1 branch of the dungeon, and saw 8 of its levels.

You collected 252 gold pieces.

Inventory:

Hand Weapons
 q - a +3 heavy flail
 I - a +5 war axe (weapon)
Missiles
 B - 12 poisoned darts
Armour
 p - a +0 pair of gloves (worn)
 r - a +2 leather armour of cold resistance
 E - a +0 kite shield (worn)
 H - a +0 plate armour (worn)
Jewellery
 a - a ring of flight (left hand)
 l - a +6 ring of intelligence
 z - a +6 ring of strength (right hand)
 J - a ring of protection from fire
 L - a ring of magical power
Wands
 C - a wand of polymorph (10)
 F - a wand of digging (8)
 G - a wand of acid (5)
 K - a wand of paralysis (8)
Scrolls
 e - 2 scrolls of poison {unknown}
 g - 2 scrolls of amnesia {unknown}
 i - 9 scrolls of identify {unknown}
 j - 2 scrolls of enchant weapon {unknown}
 k - 6 scrolls of teleportation {unknown}
 m - a scroll of torment {unknown}
 o - a scroll of revelation {unknown}
 s - a scroll of fog {unknown}
 v - a scroll of fear {unknown}
 w - 2 scrolls of vulnerability {unknown}
 y - a scroll of immolation {unknown}
 A - a scroll of enchant armour {unknown}
Potions
 b - 4 potions of mutation {unknown}
 c - a potion of heal wounds {unknown}
 d - a potion of enlightenment {unknown}
 f - 2 potions of attraction {unknown}
 h - a potion of ambrosia {unknown}
 n - a potion of haste {unknown}
 t - a potion of might
 u - a potion of resistance {unknown}
 x - 3 potions of magic {unknown}
 D - a potion of curing {unknown}


   Skills:
 - Level 5.0 Fighting
 - Level 15.0 Axes
 + Level 3.0 Throwing
 + Level 6.9 Armour
 + Level 5.8 Shields


You had 9 spell levels left.
You didn't know any spells.
Your spell library contained the following spells:

 Spells                   Type           Power      Damage    Failure   Level
 Blink                    Tloc           0%         N/A       100%        2
 Hailstorm                Conj/Ice       0%         3d3       100%        3
 Manifold Assault         Tloc           0%         N/A       100%        4
 Summon Ice Beast         Ice/Summ       0%         N/A       100%        4
 Simulacrum               Ice/Necr       0%         N/A       100%        6


Dungeon Overview and Level Annotations

Branches:
Dungeon (8/15)             Temple (0/1) D:4
   Lair: D:8-11

Altars:
Elyvilon
Fedhas
Hepliaklqana
Okawaru
Ru
Sif Muna
Trog
Yredelemnul
Zin
The Shining One

Shops:
D:3 *

Annotations:
D:8 Gastronok


Innate Abilities, Weirdness & Mutations

You have a pair of horns on your head.
You cannot train Dodging skill.
You have somewhat slow reflexes. (EV -5)
You reflexively headbutt those who attack you in melee.


Message History

The bullfrog hits something!
You block the hornet's attack.
The black bear begins to attack, but is stunned by your conviction!
The bullfrog hits something.
The hornet stings you.
You shrug off the repeated paralysis!
Aiming: Paralyse
Press: ? - help, Q - select action, (/) - cycle Shift-Dir - straight line
Okay, then.
You feel very sick.
The bullfrog hits something.
The hornet stings you.
You are more poisoned.
You feel as though you will be slow longer.
You hear an angry hiss.
You hear an angry growl.
There are monsters nearby!
You slice the hornet!!
You kill the hornet!
* * * LOW HITPOINT WARNING * * *
You feel very sick.
The bullfrog hits you but does no damage.
You feel very sick.
The bullfrog hits you but does no damage.
You feel very sick.
The bullfrog releases a deep croak.
The bullfrog hits you but does no damage.
You block the bullfrog's attack. x2
You feel very sick.
The bullfrog hits you but does no damage.
The bullfrog completely misses you.
The bullfrog hits you but does no damage.
You feel sick. The bullfrog attacks as it pursues you!
You block the bullfrog's attack.
The bullfrog hits you but does no damage.
The bullfrog hits you.
* * * LOW HITPOINT WARNING * * *
You feel sick. The bullfrog attacks as it pursues you!
The bullfrog hits you but does no damage.
The bullfrog attacks as it pursues you! You block the bullfrog's attack.
The bullfrog hits you.
* * * LOW HITPOINT WARNING * * *
The bullfrog hits you.
You die...

#.........# .. ## #.........#
... #. #.........# ##.< #####.
#.......).# ... ...#.
.........# ##.# #.#.
.........###..# #...
##)##...h..# ######..
#....l..hF.# ####........
.......######F@###......######.
.P..P.. ##.)<..# ## .......
###..## #. .P.P.F. ...# #.
P....P. ..#... ###.


...hlPP ### ###. #... .....P. # ##.#. #.####..#. #......... You could see a
komodo dragon, 2 black bears and 2 bullfrogs.

Vanquished Creatures
  A hornet (D:8)
  Eustachio (D:4)
  5 yaks (D:5)
  A steam dragon (D:6)
  Menkaure (D:4)
  Edmund (D:4)
  A water moccasin (D:7)
  2 sky beasts
  2 ice beasts
  2 black bears
  4 ogres
  2 centaurs
  A bullfrog (D:7)
  A scorpion (D:8)
  A gnoll sergeant (D:7)
  7 wights
  4 killer bees (D:8)
  A howler monkey (D:6)
  7 hounds
  A jelly (D:6)
  5 orc priests
  3 sleepcaps
  2 iguanas
  4 orc wizards
  Ijyb (D:5)
  Terence (D:2)
  Robin (D:2)
  11 gnolls
  6 adders
  4 dart slugs
  3 worms
  18 orcs
  13 ball pythons
  7 bats
  11 endoplasms
  3 giant cockroaches
  26 goblins
  8 hobgoblins
  20 jackals
  2 quokkas
  4 frilled lizards (D:1)
  8 kobolds
  6 rats
213 creatures vanquished.

Notes
Turn   | Place    | Note
-------+----------+-------------------------------------------
     0 | D:1      | ShioPomu the Minotaur Fighter began the quest for the Orb.
     0 | D:1      | Reached XP level 1. HP: 19/19 MP: 0/0
   177 | D:1      | Reached XP level 2. HP: 27/27 MP: 1/1
   343 | D:1      | Reached skill level 3 in Axes
   498 | D:1      | Reached XP level 3. HP: 34/34 MP: 2/2
   887 | D:2      | Noticed Robin
   904 | D:2      | Killed Robin
   910 | D:2      | Reached skill level 4 in Axes
   923 | D:2      | Reached XP level 4. HP: 36/41 MP: 3/3
   981 | D:2      | Reached skill level 5 in Fighting
  1213 | D:2      | Noticed Terence
  1228 | D:2      | Killed Terence
  1229 | D:2      | Reached skill level 5 in Axes
  1464 | D:3      | Reached XP level 5. HP: 40/48 MP: 4/4
  1551 | D:3      | Noticed an ice beast
  1564 | D:3      | Killed an ice beast
  1565 | D:3      | Reached skill level 6 in Axes
  1833 | D:3      | Found a sacrificial altar of Ru.
  1838 | D:3      | Became a worshipper of Ru the Awakened
  1869 | D:3      | Found Heysh's Assorted Antiques.
  2119 | D:3      | Found a glowing golden altar of the Shining One.
  2332 | D:4      | Noticed Eustachio
  2371 | D:4      | Killed Eustachio
  2372 | D:4      | Reached skill level 7 in Axes
  2372 | D:4      | Reached XP level 6. HP: 28/56 MP: 5/5
  2554 | D:4      | Found a glowing silver altar of Zin.
  2588 | D:4      | Found a white marble altar of Elyvilon.
  2607 | D:4      | Noticed Menkaure
  2859 | D:4      | Killed Menkaure
  2860 | D:4      | Reached skill level 8 in Axes
  2860 | D:4      | Reached XP level 7. HP: 18/61 MP: 6/6
  3062 | D:4      | Noticed Edmund
  3071 | D:4      | Killed Edmund
  3072 | D:4      | Reached skill level 9 in Axes
  3157 | D:4      | Found a hazy altar of Hepliaklqana.
  3226 | D:4      | Found a staircase to the Ecumenical Temple.
  3366 | D:5      | Entered Level 5 of the Dungeon
  3380 | D:5      | Found a basalt altar of Yredelemnul.
  3392 | D:5      | Gained mutation: You have somewhat slow reflexes. (EV -5)
                  | [Ru sacrifice]
  3392 | D:5      | Reached * piety under Ru
  3415 | D:5      | Reached skill level 10 in Axes
  3440 | D:5      | Noticed a yak
  3454 | D:5      | Killed a yak
  3466 | D:5      | Found a shimmering blue altar of Sif Muna.
  3609 | D:5      | Noticed a yak
  3609 | D:5      | Noticed a yak
  3640 | D:5      | Reached XP level 8. HP: 61/68 MP: 7/7
  3645 | D:5      | Reached skill level 11 in Axes
  3853 | D:5      | Reached skill level 12 in Axes
  3856 | D:5      | Reached skill level 5 in Armour
  3862 | D:5      | Reached skill level 5 in Shields
  4139 | D:5      | Noticed Ijyb
  4188 | D:5      | Killed Ijyb
  4189 | D:5      | Reached XP level 9. HP: 71/74 MP: 8/8
  4417 | D:6      | Reached skill level 13 in Axes
  4807 | D:6      | Reached skill level 14 in Axes
  5249 | D:7      | Found a bloodstained altar of Trog.
  5606 | D:7      | Gained mutation: You cannot train Dodging skill. [Ru
                  | sacrifice]
  5606 | D:7      | Reached ** piety under Ru
  5854 | D:7      | Reached skill level 15 in Axes
  5884 | D:7      | Reached skill level 1 in Throwing
  6415 | D:7      | Found a blossoming altar of Fedhas.
  6894 | D:8      | Found an iron altar of Okawaru.
  6922 | D:8      | Noticed Gastronok
  7615 | D:8      | Reached XP level 10. HP: 81/81 MP: 9/9
  7650 | D:8      | Paralysed by a hornet for 3 turns
  7661 | D:8      | HP: 4/81 [poisoned by a hornet]
  7661 | D:8      | HP: 1/81 [bullfrog (3)]
  7661 | D:8      | Slain by a bullfrog

Illustrated notes

Levels and vault maps discovered:
D:1:      beargit_arrival_diablo_church, layout_basic, minmay_hexomino_f4
D:2:      layout_basic, uniq_terence, uniq_robin
D:3:      layout_basic, mainiacjoe_overflow_alcove_1,
          nicolae_tso_carved_into_rock, serial_shops, shop
D:4:      layout_basic, mainiacjoe_overflow_boulevard,
          mainiacjoe_overflow_concentric_impassable,
          minmay_temple_entry_mini_moons, minmay_ruined_shrine, uniq_edmund,
          uniq_eustachio, uniq_menkaure
D:5:      layout_cave_pools, lemuel_blue_sif_altar, mainiacjoe_overflow_paths,
          minmay_misc_feat_chi, nicolae_goblin_pals
D:6:      layout_basic
D:7:      layout_basic, fedhas_altar_2, mainiacjoe_overflow_24_doors
D:8:      layout_rooms, mainiacjoe_overflow_brackets, okawaru_ov_weapons_minmay,
          due_lair_maze_entry_diamond, uniq_gastronok

Skill      XL: |  1  2  3  4  5  6  7  8  9 |
---------------+----------------------------+-----
Fighting       | 4 5 |  5.0
Axes           | 3 4 5 7 8 10 12 15 | 15.0
Armour         | 5 6 |  6.9
Shields        | 5 |  5.8
Throwing       | 3 |  3.0

Action                     |  1- 3 |  4- 6 |  7- 9 | 10-12 || total
---------------------------+-------+-------+-------+-------++-------
  Melee: War axe           |    87 |   138 |   308 |    11 ||   544
         Headbutt          |    14 |    26 |    46 |     2 ||    88
 Invoke: Sacrifice Health  |       |       |     1 |       ||     1
         Sacrifice Nimblen |       |       |     1 |       ||     1
  Evoke: Wand              |       |       |     2 |       ||     2
    Use: Potion            |       |     1 |       |       ||     1
   Stab: Distracted        |       |       |     1 |       ||     1
         Invisible         |       |       |     1 |       ||     1
 Armour: Scale mail        |    65 |    39 |       |       ||   104
         Chain mail        |       |    83 |   171 |       ||   254
         Skin              |       |     1 |       |       ||     1
         Plate armour      |       |       |    31 |    22 ||    53
  Dodge: Dodged            |    35 |    58 |    39 |     5 ||   137
  Block: Buckler           |    14 |    38 |    29 |       ||    81
         Kite shield       |       |       |    36 |     8 ||    44

Table legend: (Time is in decaauts)
 A = Elapsed time spent in this place.
 B = Non-inter-level travel time spent in this place.
 C = Inter-level travel time spent in this place.
 D = Time resting spent in this place.
 E = Time spent auto-exploring this place.
 F = Levels seen in this place.
 G = Mean time per level.
                   A        B        C        D        E       F      G
               +--------+--------+--------+--------+--------+-----+--------+
         Total |   7713 |   7421 |    292 |   1644 |   3813 |   8 |  964.1 |
       Dungeon |   7713 |   7421 |    292 |   1644 |   3813 |   8 |  964.1 |
               +--------+--------+--------+--------+--------+-----+--------+

Top non-repeatable levels by time:
     D:7: 2137 daAuts
     D:3: 1092 daAuts
     D:5: 1018 daAuts
     D:4: 936 daAuts
     D:6: 842 daAuts
     D:1: 826 daAuts
     D:2: 578 daAuts
     D:8: 281 daAuts
